 Dungeon Crawl Stone Soup version 0.16.0-8-gd9ae3a8 (webtiles) character file.

1458 wojtek the Slicer (level 9, 0/55 HPs)
             Began as a Kobold Assassin on Mar 16, 2015.
             Slain by a giant gecko (3 damage)
             ... on level 6 of the Dungeon.
             The game lasted 00:13:55 (6758 turns).

wojtek the Slicer (Kobold Assassin)                 Turns: 6758, Time: 00:13:55

Health: 0/55       AC:  5    Str:  9    XL:     9   Next: 5%
Magic:  9/9        EV: 19    Int: 12    God:
Gold:   328        SH:  0    Dex: 18    Spells: 0 memorised, 8 levels left

rFire  . . .     SeeInvis .     a - +2 dagger
rCold  . . .     Clarity  .     c - +0 robe
rNeg   . . .     SustAb   .     (no shield)
rPois  .         Gourm    .     x - +0 helmet (curse)
rElec  .         Spirit   .     d - +0 cloak
rCorr  .         Warding  .     (no gloves)
rMut   .         Stasis   .     p - +0 pair of boots
MR     .....                    H - amulet of rage
Stlth  +++.......               (no ring)
                                (no ring)

@: not resistant to hostile enchantments, fairly stealthy
A: carnivore 3
a: Evoke Berserk Rage


You were on level 6 of the Dungeon.
You were very full.

You visited 1 branch of the dungeon, and saw 6 of its levels.

You collected 328 gold pieces.

Inventory:

Hand weapons
 a - a +2 dagger (weapon)
 b - a +0 blowgun
 K - a cursed -1 hunting sling
Missiles
 e - 71 poisoned needles
 f - 2 curare-tipped needles
Armour
 c - a +0 robe (worn)
 d - a +0 cloak (worn)
 p - a +0 pair of boots (worn)
 x - a cursed +0 helmet (worn)
Jewellery
 l - an uncursed ring of see invisible {unknown}
 H - an amulet of rage (around neck)
Magical devices
 q - a wand of fireball (4)
 y - a wand of teleportation (3)
 E - a wand of fireball (2)
Scrolls
 h - 2 scrolls of remove curse {unknown}
 i - a scroll of teleportation {unknown}
 j - 2 scrolls of fear {unknown}
 n - 2 scrolls of fog {unknown}
 r - 5 scrolls of identify {unknown}
 s - 4 scrolls of immolation {unknown}
 t - 3 scrolls of enchant weapon {unknown}
 u - a scroll of enchant armour {unknown}
 v - a scroll of amnesia {unknown}
 J - a scroll of recharging {unknown}
 M - a scroll of magic mapping {unknown}
Potions
 m - 2 potions of restore abilities {unknown}
 o - a potion of resistance {unknown}
 A - 2 potions of haste {unknown}
 B - a potion of heal wounds
 D - a potion of poison {unknown}
 F - a potion of lignification {unknown}
 G - a potion of cure mutation {unknown}
 I - 2 potions of agility {unknown}
 L - a potion of flight {unknown}
Books
 w - a book of Debilitation

   Spells                             Type                      Level
   a - Corona                         Hexes                        1
   b - Slow                           Hexes                        2
   c - Inner Flame                    Hexes/Fire                   3
   d - Enslavement                    Hexes                        4
   e - Cause Fear                     Hexes                        4
   f - Leda's Liquefaction            Hexes/Earth                  4
 C - a book of Spatial Translocations

   Spells                             Type                      Level
   a - Apportation                    Translocation                1
   b - Blink                          Translocation                2
   c - Shroud of Golubria             Charms/Translocation         2
   d - Portal Projectile              Translocation                3
   e - Teleport Other                 Translocation                3
   f - Passage of Golubria            Translocation                4
Comestibles
 g - 2 meat rations
 z - a beef jerky


   Skills:
 + Level 6.1 Fighting
 + Level 10.0 Short Blades
 - Level 2.6 Throwing
 + Level 6.3 Dodging
 - Level 5.3 Stealth


You had 8 spell levels left.
You didn't know any spells.

Dungeon Overview and Level Annotations

Branches:
Dungeon (6/15)
 Temple: D:4-7

Altars:
Elyvilon
Gozag
Okawaru
Zin
The Shining One

Annotations:
D:1 lava scroll
D:5 potion permanent tele trap


Innate Abilities, Weirdness & Mutations

You are small and have problems with some larger weapons.
You are carnivorous and can eat meat at any time.


Message History

The giant gecko bites you.
* * * LOW HITPOINT WARNING * * *
The centaur misses you.
Drink which item? (? for menu, Esc to quit)
You feel better.
The centaur hits you with an uncursed rapier of speed.
* * * LOW HITPOINT WARNING * * *
The giant gecko misses you.
You hit the centaur.
You kill the centaur!
Your Fighting skill increases to level 6!
Your Short Blades skill increases to level 10!
You have reached level 9!
Your experience leads to an increase in your attributes!
Increase (S)trength, (I)ntelligence, or (D)exterity?
You feel clever. The giant gecko misses you.
The giant gecko closely misses you. The giant gecko bites you.
You die...

+.....#..#
####+#((...#..#
#..........#..#
#......)...+..#
+..)....)..#..#
#..........#
#..........+
#..........#+##
+......@......#
#......l......#
#......Z......#
#.(...........#
#.............#
#...(.###+#...#
#..(..+ ...#
#.....# ..#
##(...#


You could see a worker ant zombie and a giant gecko.

Vanquished Creatures
  A sky beast (D:6)
  2 phantoms (D:4)
  An ogre (D:5)
  3 centaurs (D:6)
  A crocodile (D:5)
  The ghost of Zooty the Conjurer, an average GrAE (D:3)
  4 wights (D:5)
  A goliath beetle (D:4)
  2 orc priests (D:5)
  2 crimson imps (D:5)
  A giant frog zombie (D:5)
  A centaur skeleton (D:4)
  2 hounds
  4 worker ants
  A hound zombie (D:5)
  Terence (D:2)
  4 adders
  A gnoll (D:1)
  3 worms
  An adder zombie (D:5)
  2 adder skeletons (D:6)
  An ooze (D:2)
  11 orcs
  2 ball pythons
  11 bats
  12 hobgoblins
  11 kobolds
  5 giant cockroaches
  3 giant geckos
  6 giant newts
  11 goblins
  A jackal zombie (D:3)
  2 quokkas
  13 rats
128 creatures vanquished.

Notes
Turn   | Place    | Note
--------------------------------------------------------------
     0 | D:1      | wojtek, the Kobold Assassin, began the quest for the Orb.
     0 | D:1      | Reached XP level 1. HP: 12/12 MP: 1/1
    89 | D:1      | Reached XP level 2. HP: 8/17 MP: 2/2
   814 | D:1      | Reached XP level 3. HP: 21/21 MP: 3/3
   985 | D:2      | Reached skill level 5 in Short Blades
  1284 | D:2      | Noticed Terence
  1345 | D:2      | Killed Terence
  1345 | D:2      | Reached XP level 4. HP: 24/26 MP: 4/4
  1842 | D:2      | Reached skill level 6 in Short Blades
  1979 | D:3      | Noticed Zooty's ghost (average GrAE)
  2140 | D:4      | Reached XP level 5. HP: 30/30 MP: 5/5
  2221 | D:4      | Found a white marble altar of Elyvilon.
  2268 | D:4      | Noticed a phantom
  2397 | D:4      | Reached skill level 7 in Short Blades
  2456 | D:4      | Found an iron altar of Okawaru.
  2457 | D:4      | Found an opulent altar of Gozag.
  2459 | D:4      | Found a glowing silver altar of Zin.
  2459 | D:4      | Noticed a phantom
  2852 | D:4      | Noticed a phantom
  3341 | D:3      | Reached XP level 6. HP: 34/36 MP: 6/6
  3980 | D:4      | Killed a phantom
  4003 | D:4      | Reached XP level 7. HP: 37/41 MP: 7/7
  4011 | D:4      | Found a glowing golden altar of the Shining One.
  4325 | D:3      | Killed Zooty's ghost
  4325 | D:3      | Reached skill level 8 in Short Blades
  4442 | D:4      | Killed a phantom
  4686 | D:5      | Entered Level 5 of the Dungeon
  5103 | D:5      | Reached XP level 8. HP: 46/48 MP: 8/8
  5258 | D:5      | Reached skill level 5 in Fighting
  5258 | D:5      | Reached skill level 9 in Short Blades
  5258 | D:5      | Reached skill level 5 in Dodging
  6746 | D:6      | HP: 1/51 [giant gecko (2)]
  6748 | D:6      | Reached skill level 10 in Short Blades
  6748 | D:6      | Reached XP level 9. HP: 2/55 MP: 9/9
  6758 | D:6      | Slain by a giant gecko

Action                   |  1- 3 |  4- 6 |  7- 9 || total
-------------------------+-------+-------+-------++-------
Melee: Dagger            |    90 |   171 |   219 ||   480
 Fire: Blowgun           |     7 |     6 |    14 ||    27
  Use: Potion            |       |       |     2 ||     2
 Stab: Sleeping          |     6 |     8 |     5 ||    19
       Distracted        |       |       |     3 ||     3
  Eat: Chunk             |     9 |     9 |     7 ||    25
